 Dungeon Crawl Stone Soup version 0.18-a0-1390-gc02854d (webtiles) character file.

16 Ratboiler the Sneak (level 2, 0/26 HPs)
             Began as a Naga Wanderer on Feb 22, 2016.
             Killed from afar by a dart slug (7 damage)
             ... with a slug dart
             ... on level 1 of the Dungeon.
             The game lasted 00:01:24 (544 turns).

Ratboiler the Sneak (Naga Wanderer)                  Turns: 544, Time: 00:01:24

Health: 0/26       AC:  1    Str: 12    XL:     2   Next: 58%
Magic:  5/5        EV:  9    Int: 10    God:
Gold:   22         SH:  0    Dex: 14    Spells: 0 memorised, 5 levels left

rFire  . . .     SeeInvis +     b - +0 club
rCold  . . .     Gourm    .     e - +0 robe
rNeg   . . .     Faith    .     (no shield)
rPois  +         Spirit   .     (no helmet)
rElec  .         Dismiss  .     (no cloak)
rCorr  .         Reflect  .     (no gloves)
SustAt .         Harm     .     (no barding)
MR     .....                    (no amulet)
Stlth  ++........               (no ring)
                                (no ring)

@: very slow, not resistant to hostile enchantments, unstealthy
A: see invisible, deformed body, poison resistance, slowness 2, slow metabolism
1, spit poison 2, AC +0
a: Spit Poison


You were on level 1 of the Dungeon.
You were not hungry.

You visited 1 branch of the dungeon, and saw 1 of its levels.

You collected 22 gold pieces.

Inventory:

Hand Weapons
 a - a +2 hand crossbow
 b - a +0 club (weapon)
Missiles
 i - 41 bolts
Armour
 e - a +0 robe (worn)
Scrolls
 g - a scroll of identify {unknown}
Potions
 d - a potion of curing
 h - a potion of resistance {unknown}
 k - a potion of lignification {unknown}
Books
 c - the Papyrus of Moulding

   Spells                             Type                      Level
   a - Beastly Appendage              Transmutation                1
   b - Spider Form                    Transmutation/Poison         3
Comestibles
 f - a bread ration


   Skills:
 + Level 2.0 Fighting
 - Level 1.7 Crossbows
 - Level 1.5 Armour
 + Level 2.1 Stealth
   Level 1.0 Shields
 - Level 2.0 Spellcasting
   Level 1.0 Charms
   Level 1.0 Evocations


You had 5 spell levels left.
You didn't know any spells.

Dungeon Overview and Level Annotations

Branches:
Dungeon (1/15)

Altars:


Innate Abilities, Weirdness & Mutations

You cannot wear boots.
Your serpentine skin is tough (AC +0).
You have supernaturally acute eyesight.
Armour fits poorly on your strangely shaped body.
Your system is resistant to poisons.
You cover ground very slowly.
You have a slow metabolism.
You can spit poison.


Message History

You are too injured to fight recklessly!
You are too injured to fight recklessly!
Press: ? - help, Shift-Dir - straight line, f - giant gecko
Aim: a giant gecko (severely wounded, clinging)
The splash of poison hits the giant gecko.
The giant gecko is poisoned.
You kill the giant gecko!
You feel slightly more hungry.
A dart slug comes into view.
You closely miss the goblin. The goblin hits you but does no damage.
You hit the goblin.
You kill the goblin!
Your Fighting skill increases to level 2!
You have got your breath back.
The dart slug launches a dart at you. The slug dart hits you!
* * * LOW HITPOINT WARNING * * *
The dart slug launches a dart at you. The slug dart hits you!
You die...

....#......###.#.###)............
.####......###.#.# ###+###.......
. #..........#.# #.# #.......
#..........#.#####.####.#####
#..........#.##.......#.#
######÷....#.##.......#.#
##.....#..........#..
#....÷............# .
#.......@.........# ≈
#.................# .
#.................# .
#....)............# . #
###....####.......# . +. #....#
#.......# ≈ ...##.##....#
#.......# . ...w..)w....#
######### . ..#.#.##....# .


You could see a dart slug.

Vanquished Creatures
  2 giant geckos (D:1)
  2 bats (D:1)
  3 goblins (D:1)
  2 hobgoblins (D:1)
  A kobold (D:1)
  4 rats (D:1)
14 creatures vanquished.

Notes
Turn   | Place    | Note
--------------------------------------------------------------
     0 | D:1      | Ratboiler the Naga Wanderer began the quest for the Orb.
     0 | D:1      | Ratboiler set off with: a +2 hand crossbow, 24 bolts, the Papyrus of Moulding, a potion of curing, a +0 robe, a bread ration
     0 | D:1      | Reached XP level 1. HP: 18/18 MP: 3/3
     0 | D:1      | Identified the Papyrus of Moulding
    36 | D:1      | Reached skill level 1 in Stealth
   210 | D:1      | Reached XP level 2. HP: 19/25 MP: 5/5
   544 | D:1      | Killed from afar by a dart slug

Vault maps used:
D:1:      dpeg_arrival_rooms_with_view

Skill      XL: |  1  2 |
---------------+-------+-----
Stealth        | 1 2 |  2.1
Fighting       | 2 |  2.0
Crossbows      | |  1.7
Armour         | |  1.5
Shields        | |  1.0
Spellcasting   | |  2.0
Charms         | |  1.0
Evocations     | |  1.0

Action                   || total
-------------------------++-------
Melee: Club              ||    23
 Fire: Hand crossbow     ||    10
 Abil: Spit Poison       ||     5
